 Dungeon Crawl Stone Soup version 0.23-b1-13-gf37ab262a9 (webtiles) character file.

Game seed: 18313874516083293635

1204 Oravi the Chopper (level 8, -4/76 HPs)
             Began as a Naga Warper on Feb 3, 2019.
             Was a Follower of Cheibriados.
             Slain by a bog mummy (8 damage)
             ... in an ossuary.
             The game lasted 00:27:11 (5476 turns).

Oravi the Chopper (Naga Warper)                     Turns: 5476, Time: 00:27:15

Health: -4/76      AC:  8    Str: 16    XL:     8   Next: 45%
Magic:  3/11       EV:  9    Int: 20    God:    Cheibriados [*.....]
Gold:   49         SH:  0    Dex: 13    Spells: 4/11 levels left

rFire    . . .     SeeInvis +   a - +0 war axe
rCold    + . .     Gourm    .   (no shield)
rNeg     . . .     Faith    .   G - +3 ring mail {rC+}
rPois    +         Spirit   .   (no helmet)
rElec    .         Reflect  .   (no cloak)
rCorr    .         Harm     .   (no gloves)
MR       +....                  (no barding)
Stlth    ++........             (no amulet)
HPRegen  0.22/turn              q - ring of stealth
MPRegen  0.12/turn              (no ring)

@: very slow
A: large, see invisible, deformed body, poison resistance, slowness 2, slow
metabolism 1, spit poison 1, AC +2
a: Spit Poison, Bend Time, Renounce Religion


You were in an ossuary.
You worshipped Cheibriados.
Cheibriados was aware of your devotion.
You were not hungry.

You visited 1 branch of the dungeon, and saw 6 of its levels.
You also visited: Ossuary.

You collected 138 gold pieces.
You spent 89 gold pieces at shops.

Inventory:

Hand Weapons
 a - a +0 war axe (weapon)
 b - a +0 hunting sling
 n - a +2 short sword of speed
 u - a +0 hand axe
Missiles
 c - 2 curare-tipped needles {!f}
 i - 135 stones (quivered)
 v - 93 arrows
 y - 19 poisoned needles
 A - 3 tomahawks
 E - 20 bolts
 J - a throwing net {!f}
Armour
 z - a +0 scale mail
 F - the +1 leather armour of the Amoeba {rF+ MP+9 Str+2 Slay+3}
   (You found it on level 5 of the Dungeon)

   It affects your strength (+2).
   It affects your accuracy and damage with ranged weapons and melee attacks
   (+3).
   It protects you from fire.
   It affects your magic capacity (+9).
 G - a +3 ring mail of cold resistance (worn)
Jewellery
 q - a ring of stealth (left hand)
Scrolls
 d - a scroll of blinking
 h - 3 scrolls of teleportation
 j - 2 scrolls of amnesia
 k - a scroll of fog
 p - 3 scrolls of remove curse {@r2}
 s - 2 scrolls of noise
 C - a scroll of fear {unknown}
 D - 2 scrolls of enchant weapon {unknown}
 H - a scroll of identify {@r1}
Potions
 m - 3 potions of haste
 r - a potion of resistance
 t - 3 potions of mutation
Comestibles
 f - 6 rations


   Skills:
 + Level 5.9 Fighting
 * Level 6.9 Axes
 - Level 0.8 Throwing
 - Level 1.1 Armour
 - Level 1.5 Dodging
 - Level 2.0 Spellcasting
 - Level 1.0 Charms
 + Level 3.7 Translocations
 * Level 3.5 Invocations


You had 4 spell levels left.
You knew the following spells:

 Your Spells              Type           Power        Failure   Level  Hunger
a - Blink                 Tloc           N/A          10%         2    ##.....
b - Shroud of Golubria    Chrm/Tloc      ##........   17%         2    ##.....
c - Lesser Beckoning      Tloc           ###.......   21%         3    ###....

Your spell library contained the following spells:

 Spells                   Type           Power        Failure   Level  Hunger
 Gell's Gravitas          Tloc           ###.......   21%         3    ###....
 Teleport Other           Tloc           ###.....     21%         3    ###....
 Magic Dart               Conj           #...         30%         1    #......
 Call Imp                 Summ           #.......     41%         2    ##.....
 Slow                     Hex            #.......     41%         2    ##.....
 Passage of Golubria      Tloc           N/A          54%         4    #####..
 Conjure Flame            Conj/Fire      #.......     65%         3    ###....
 Mephitic Cloud           Conj/Pois/Air  #.......     65%         3    ###....


Dungeon Overview and Level Annotations

Branches:
Dungeon (6/15)
 Temple: D:4-7

Altars:
Cheibriados
Fedhas
Kikubaaqudgha
Qazlal
Uskayaw
Wu Jian

Shops:
D:4 *


Innate Abilities, Weirdness & Mutations

You cannot wear boots.
Your serpentine skin is tough. (AC +2)
You have supernaturally acute eyesight. (SInv)
Armour fits poorly on your strangely shaped body.
Your system is resistant to poisons. (rPois)
You cover ground very slowly.
You have a slow metabolism.
You can spit poison.


Message History

* * * LOW HITPOINT WARNING * * *
The bog mummy gestures at you while chanting.
The puff of frost misses you. The hornet zombie hits you.
* * * LOW HITPOINT WARNING * * *
You hit the hornet zombie.
The hornet zombie is severely damaged.
You hit the bog mummy but do no damage. The hornet zombie barely misses you.
The bog mummy barely misses you.
You slash the hornet zombie!
The hornet zombie is almost destroyed.
You hit the bog mummy. The hornet zombie hits you.
* * * LOW HITPOINT WARNING * * *
The hornet zombie hits you but does no damage.
You hit the hornet zombie but do no damage.
The hornet zombie is almost destroyed.
You barely miss the bog mummy.
A killer bee zombie comes into view.
The hornet zombie hits you but does no damage.
The bog mummy hits you!
You die...

##### ## ≈≈≈# #≈#
#P≈.####≈##
+#+#+#+#≈#'#≈≈≈≈≈#
..(...≈≈≈.≈.P≈≈#≈#
+##'##≈##≈≈≈≈≈≈#
#...#≈((##≈#
#.∩.#≈ZM# ≈#
#∩..#≈(@# #
#####(##≈# ≈Z(+ ##
###(# #(≈ #≈ #≈ #.


You could see a bog mummy, a killer bee zombie (wandering) and a hornet zombie.

Vanquished Creatures
  An ice beast (D:6)
  A phantom (D:4)
  A bullfrog (D:6)
  A scorpion (D:4)
  3 killer bees (D:6)
  A howler monkey (D:4)
  2 vampire bats (D:4)
  A bullfrog zombie (Ossuary)
  A crimson imp (D:5)
  2 centaur zombies (Ossuary)
  2 orc priests
  2 bullfrog skeletons
  2 hounds (D:3)
  7 mummies (Ossuary)
  2 orc wizards
  2 worker ants
  2 worker ant zombies
  5 adders
  An adder skeleton (D:4)
  2 adder zombies (Ossuary)
  A worm (D:4)
  2 dart slugs (D:2)
  7 orcs
  5 bats
  3 bat skeletons (D:4)
  4 bat zombies (D:4)
  A giant cockroach (D:1)
  4 goblins
  7 hobgoblins
  3 jackals (D:4)
  2 quokkas
  6 frilled lizards
  4 kobolds (D:1)
  A leopard gecko skeleton (D:4)
  7 rats
98 creatures vanquished.

Vanquished Creatures (others)
  3 withered plants (Ossuary)
3 creatures vanquished.

Grand Total: 101 creatures vanquished

Notes
Turn   | Place    | Note
-------+----------+-------------------------------------------
     0 | D:1      | Oravi the Naga Warper began the quest for the Orb.
     0 | D:1      | Reached XP level 1. HP: 19/19 MP: 3/3
   134 | D:1      | Reached XP level 2. HP: 25/26 MP: 5/5
   153 | D:1      | Learned a level 2 spell: Blink
   156 | D:1      | Learned a level 2 spell: Shroud of Golubria
   356 | D:1      | Reached skill level 3 in Axes
   818 | D:2      | Reached XP level 3. HP: 30/32 MP: 6/6
  1086 | D:2      | Found a stormy altar of Qazlal.
  2014 | D:3      | Reached XP level 4. HP: 40/40 MP: 4/7
  2204 | D:3      | Reached skill level 4 in Axes
  2561 | D:4      | Found Uwkoeh's Assorted Antiques.
  2579 | D:3      | Reached XP level 5. HP: 19/49 MP: 2/8
  2944 | D:4      | Noticed a phantom
  3035 | D:4      | Killed a phantom
  3035 | D:4      | Reached skill level 5 in Axes
  3035 | D:4      | Reached XP level 6. HP: 44/57 MP: 6/9
  3040 | D:4      | Learned a level 3 spell: Lesser Beckoning
  3353 | D:4      | Found an ancient bone altar of Kikubaaqudgha.
  3433 | D:4      | Reached XP level 7. HP: 34/66 MP: 5/10
  3444 | D:4      | Reached skill level 5 in Fighting
  3688 | D:4      | Bought a scroll labeled SABREIW GACE for 23 gold pieces
  3688 | D:4      | Bought a scroll labeled JUSAHITRIA for 23 gold pieces
  3688 | D:4      | Bought a scroll labeled KUSYKKAFREN for 23 gold pieces
  3855 | D:4      | Found a blossoming altar of Fedhas.
  3856 | D:4      | Found a snail-covered altar of Cheibriados.
  3862 | D:4      | Reached skill level 6 in Axes
  3870 | D:4      | Found a hide-covered altar of Uskayaw.
  3877 | D:4      | Became a worshipper of Cheibriados the Contemplative
  3988 | D:5      | Entered Level 5 of the Dungeon
  4118 | D:5      | Got a heavily runed leather armour
  4129 | D:5      | Identified the cursed +1 leather armour of the Amoeba {rF+
                  | MP+9 Str+2 Slay+3} (You found it on level 5 of the Dungeon)
  4212 | D:4      | Bought a murky black potion for 20 gold pieces
  4290 | D:5      | Found an ornate altar of the Wu Jian Council.
  4437 | D:5      | Reached skill level 1 in Invocations
  5262 | D:6      | Reached skill level 1 in Armour
  5262 | D:6      | Reached skill level 1 in Charms
  5262 | D:6      | Reached XP level 8. HP: 75/75 MP: 8/11
  5312 | D:6      | Found a sand-covered staircase.
  5317 | Ossuary  | Entered an ossuary
  5335 | Ossuary  | Reached * piety under Cheibriados
  5476 | Ossuary  | Slain by a bog mummy

Skill      XL: |  1  2  3  4  5  6  7  8 |
---------------+-------------------------+-----
Axes           | 3 4 5 6 |  6.9
Fighting       | 3 4 5 |  5.9
Invocations    | 2 3 |  3.5
Armour         | 1 |  1.1
Charms         | 1 |  1.0
Throwing       | |  0.8
Dodging        | |  1.5
Spellcasting   | |  2.0
Translocations | |  3.7

Action                   |  1- 3 |  4- 6 |  7- 9 || total
-------------------------+-------+-------+-------++-------
Melee: Hand axe          |    60 |       |       ||    60
       War axe           |     3 |    77 |   134 ||   214
 Fire: Hunting sling     |    55 |    86 |    82 ||   223
Throw: Stone             |    40 |     2 |       ||    42
       Tomahawk          |       |       |     6 ||     6
 Cast: Shroud of Golubri |     2 |    13 |    10 ||    25
       Blink             |       |       |     2 ||     2
Invok: Bend Time         |       |       |     1 ||     1
 Abil: Spit Poison       |     3 |     8 |     8 ||    19
  Use: Scroll            |     1 |     2 |    10 ||    13
       Potion            |       |       |     1 ||     1
  Eat: Chunk             |     2 |     5 |     8 ||    15
Armor: Leather armour    |    23 |     3 |     5 ||    31
       Ring mail         |       |    69 |    74 ||   143
Dodge: Dodged            |    41 |    67 |    64 ||   172
